 Dungeon Crawl Stone Soup version 0.29-a0-330-g52719c12eb (webtiles) character file.

Game seed: 11570465290525276788

2773 kae the Firebug (level 9, -8/62 HPs)
             Began as a Demigod Fire Elementalist on Apr 30, 2022.
             Engulfed by a cloud of flame (13 damage)
             ... on level 8 of the Dungeon.
             The game lasted 00:05:50 (10046 turns).

kae the Firebug (Demigod Fire Elementalist)        Turns: 10046, Time: 00:05:50

Health: -8/62      AC:  6    Str:  9    XL:     9   Next: 19%
Magic:  10/21      EV: 10    Int: 29    God:
Gold:   213        SH: 10    Dex: 14    Spells: 5/19 levels left

rFire   + . .      SeeInvis .   v - staff of fire
rCold   . . .      Faith    .   o - +1 kite shield
rNeg    . . .      Spirit   .   a - +0 robe
rPois   .          Reflect  .   (no helmet)
rElec   .          Harm     .   (no cloak)
rCorr   .          Rampage  .   (no gloves)
Will    .....                   (no boots)
Stlth   ++........              (no amulet)
HPRegen 0.20/turn               l - +4 ring of protection
MPRegen 0.17/turn               (no ring)

@: lethally poisoned (-8 -> -24)
A: high MP 1, forlorn, divine attributes
a: no special abilities


You were on level 8 of the Dungeon.
You visited 1 branch of the dungeon, and saw 8 of its levels.
You also visited: Ossuary.

You collected 265 gold pieces.
You spent 52 gold pieces at shops.

Inventory:

Hand Weapons
 g - a +3 short sword of electrocution
 x - the +5 long sword of Fortitude {flame, Will+++ rCorr Str-2 SInv}
   (You found it on level 7 of the Dungeon)

   It burns those it strikes, dealing additional fire damage.
   Big, fiery blades are also staple armaments of hydra-hunters.
   Str:       It affects your strength (-2).
   SInv:      It lets you see invisible.
   rCorr:     It protects you from acid and corrosion.
   Will:      It greatly increases your willpower.
Armour
 a - a +0 robe (worn)
 o - a +1 kite shield (worn)
Magical Staves
 v - a staff of fire (weapon)
Jewellery
 l - a +4 ring of protection (left hand)
Wands
 n - a wand of flame (18)
 r - a wand of acid (9)
 y - a wand of paralysis (9)
Scrolls
 e - 4 scrolls of fog
 f - 5 scrolls of teleportation
 h - a scroll of blinking
 s - 2 scrolls of fear
Potions
 b - 2 potions of magic
 c - 3 potions of curing
 d - 5 potions of flight
 i - 3 potions of attraction
 j - 4 potions of heal wounds
 k - a potion of ambrosia
 m - 13 potions of degeneration
 p - 2 potions of lignification
 q - 3 potions of brilliance
 t - 2 potions of invisibility
 u - 2 potions of resistance
 w - a potion of might {unknown}
 z - a potion of haste {unknown}


   Skills:
 - Level 1.7 Dodging
 - Level 1.7 Stealth
 + Level 5.5 Shields
 + Level 5.7 Spellcasting
 + Level 6.0 Conjurations
 + Level 6.6 Fire Magic


You had 5 spell levels left.
You knew the following spells:

 Your Spells              Type           Power      Damage    Failure   Level
a - Foxfire               Conj/Fire      100%       2x1d9     1%          1
b - Scorch                Fire           100%       2d10      1%          2
c - Conjure Flame         Conj/Fire      61%        6-21      3%          3
d - Inner Flame           Hex/Fire       41%        N/A       12%         3
e - Flame Wave            Conj/Fire      61%        2d12      12%         4
f - Animate Skeleton      Necr           16%        N/A       16%         1

Your spell library contained the following spells:

 Spells                   Type           Power      Damage    Failure   Level
 Pain                     Necr           32%        1d5       16%         1
 Vampiric Draining        Necr           8%         2d6       43%         3


Dungeon Overview and Level Annotations

Branches:
Dungeon (8/15)             Temple (0/1) D:5         Ossuary (visited)
   Lair: D:8-11

Shops:
D:3 [[   D:6 !


Innate Abilities, Weirdness & Mutations

You have an increased reservoir of magic. (+10% MP)
You shall have no god before yourself.
Your divine heritage dramatically boosts your attributes as you level up.


Message History

A kobold comes into view. It is wielding a +0 whip.
A killer bee comes into view.
The killer bee stings you. You block the killer bee's attack.
The killer bee stings you but does no damage.
A gnoll comes into view. It is wielding a +1 spear of flaming.
You hear a shout!
You feel sick. The killer bee barely misses you. The killer bee stings you.
You are more poisoned.
The killer bee poisons you! You block the killer bee's attack.
The gnoll sergeant hits you from afar with a +0 spear.
You block the killer bee's attack. x2; The killer bee closely misses you.
Casting: Scorch (safe; 1% risk of failure)
Confirm with . or Enter, or press ? or * to list all spells.
You feel a surge of power!
Flames lash the killer bee.
The killer bee explodes!
The fiery explosion engulfs the gnoll!
The gnoll is severely wounded.
The fiery explosion engulfs the gnoll sergeant!!!
The gnoll sergeant is burned terribly!
You kill the gnoll sergeant!
The fiery explosion engulfs the killer bee!!
The killer bee is burned terribly!
You kill the killer bee!
The fiery explosion engulfs the killer bee!!
You kill the killer bee!
The fiery explosion engulfs you! You resist.
You are engulfed in blazing flames.
You resist.
* * * LOW HITPOINT WARNING * * *
You feel very sick.
The killer bee stings you but does no damage.
A kobold brigand comes into view.
It is wielding a +0 short sword and quivering poisoned darts.
The gnoll is engulfed in blazing flames.
You kill the gnoll!
The killer bee stings you.
* * * LOW HITPOINT WARNING * * *
You are more poisoned.
The killer bee poisons you!
Your Conjurations skill increases to level 6!
You are engulfed in blazing flames.
You resist.
You die...

#......#..........
#...(..#..........
#......#..........
+......#........#.
#......###+####.##
#...............#
#########'###.........#
.....gy#....#.........#
.....§§@....#.........#
.....§§#....#.........#
..g..§§######.........#
......K ...###+#####
....... ...# ......K
....... #######


You could see a kobold brigand, a killer bee, 2 gnolls and a kobold.

Vanquished Creatures
  2 water moccasins
  6 black bears
  A sky beast (D:6)
  An orc warrior (D:7)
  An ice beast (D:6)
  2 ogres
  A centaur (D:7)
  A kobold brigand (D:4)
  A gnoll sergeant (D:8)
  4 scorpions
  2 bullfrogs (D:6)
  A necrophage (D:6)
  4 killer bees (D:8)
  3 howler monkeys (D:6)
  3 hounds
  3 human zombies (Ossuary)
  An orc priest (D:7)
  4 iguanas
  An iron imp (D:7)
  4 mummies (Ossuary)
  5 gnolls
  10 adders
  A shadow imp (D:6)
  3 white imps
  5 worms
  5 dart slugs
  10 orcs
  3 ball pythons
  4 bats
  6 endoplasms
  3 giant cockroaches
  6 goblins
  11 hobgoblins
  3 jackals (D:4)
  3 kobolds
  5 quokkas
  3 frilled lizards
  2 gnoll zombies (Ossuary)
  2 hobgoblin zombies (Ossuary)
  An orc zombie (Ossuary)
  5 rats
142 creatures vanquished.

Vanquished Creatures (others)
  584 foxfires
584 creatures vanquished.

Grand Total: 726 creatures vanquished

Notes
Turn   | Place    | Note
-------+----------+-------------------------------------------
     0 | D:1      | kae the Demigod Fire Elementalist began the quest for the
                  | Orb.
     0 | D:1      | Reached XP level 1. HP: 14/14 MP: 5/5
    38 | D:1      | Reached skill level 1 in Conjurations
   220 | D:1      | Reached XP level 2. HP: 20/20 MP: 4/7
  1054 | D:2      | Reached XP level 3. HP: 26/26 MP: 3/9
  1080 | D:2      | Learned a level 2 spell: Scorch
  1082 | D:2      | Learned a level 1 spell: Animate Skeleton
  2319 | D:2      | Learned a level 3 spell: Conjure Flame
  2588 | D:3      | Reached XP level 4. HP: 25/33 MP: 10/10
  2863 | D:3      | Found Okipank's Armour Shop.
  3169 | D:3      | Found Hicveis's Armour Shoppe.
  4152 | D:4      | Noticed a kobold brigand
  4288 | D:4      | Found a sand-covered staircase.
  4307 | Ossuary  | Entered an ossuary
  4344 | Ossuary  | Reached skill level 1 in Shields
  4408 | Ossuary  | Reached XP level 5. HP: 22/38 MP: 6/12
  5231 | D:4      | Reached XP level 6. HP: 45/45 MP: 7/14
  5835 | D:5      | Entered Level 5 of the Dungeon
  6018 | D:5      | Found a staircase to the Ecumenical Temple.
  6143 | D:5      | Reached XP level 7. HP: 24/50 MP: 11/16
  6697 | D:5      | Reached skill level 5 in Fire Magic
  7328 | D:6      | Reached XP level 8. HP: 40/57 MP: 9/18
  7713 | D:6      | Reached skill level 5 in Conjurations
  7741 | D:6      | Learned a level 3 spell: Inner Flame
  7746 | D:6      | Learned a level 4 spell: Flame Wave
  7905 | D:6      | Reached skill level 5 in Spellcasting
  8075 | D:6      | Found Pekythin's Distillery.
  8078 | D:6      | Bought a potion of brilliance for 52 gold pieces
  8655 | D:7      | Reached skill level 5 in Shields
  9672 | D:7      | Reached XP level 9. HP: 53/62 MP: 10/20
  9965 | D:7      | Identified the +5 long sword of Fortitude {flame, Will+++
                  | rCorr Str-2 SInv}
 10046 | D:8      | Engulfed by a cloud of flame

Illustrated notes

Levels and vault maps discovered:
D:1:      dpeg_arrival_solitude, layout_rooms
D:2:      layout_basic, hellmonk_ecumenical_altar_slurped_away,
          chequers_serial_rivers_micro_c
D:3:      layout_loops_ring, minitemple, serial_shops, shop,
          nicolae_shop_hallway_stairs
D:4:      layout_loops_ring, nicolae_ossuary_entry_false_entrances
D:5:      layout_basic, overflow_temple_1_default,
          minmay_temple_entry_large_hall, grunt_ministairs_8
D:6:      layout_cave_pools, serial_shops, kennysheep_mini
D:7:      layout_cave_pods, makhleb_grotto_becter, mainiacjoe_overflow_brackets,
          sigmund_army
D:8:      layout_gridville, nicolae_uskayaw_dance_hall, minmay_misc_feat_iff

Skill      XL: |  1  2  3  4  5  6  7  8  9 |
---------------+----------------------------+-----
Conjurations   | 1 2 3 4 5 6 |  6.0
Spellcasting   | 2 3 4 5 |  5.7
Fire Magic     | 3 4 5 6 |  6.6
Shields        | 1 2 3 5 |  5.5
Dodging        | |  1.7
Stealth        | |  1.7

Action                   |  1- 3 |  4- 6 |  7- 9 || total
-------------------------+-------+-------+-------++-------
Melee: Short sword       |     7 |     2 |       ||     9
       Staff             |       |       |    32 ||    32
 Cast: Foxfire           |   109 |   120 |   114 ||   343
       Scorch            |     3 |    28 |    42 ||    73
       Inner Flame       |       |       |     3 ||     3
       Conjure Flame     |       |       |     1 ||     1
  Use: Scroll            |       |    13 |     4 ||    17
Armor: Robe              |     4 |    11 |    45 ||    60
Dodge: Dodged            |    15 |    21 |    61 ||    97
Block: Kite shield       |     2 |    17 |    66 ||    85

Table legend: (Time is in decaauts)
 A = Elapsed time spent in this place.
 B = Non-inter-level travel time spent in this place.
 C = Inter-level travel time spent in this place.
 D = Time resting spent in this place.
 E = Time spent auto-exploring this place.
 F = Levels seen in this place.
 G = Mean time per level.
                   A        B        C        D        E       F      G
               +--------+--------+--------+--------+--------+-----+--------+
         Total |  10063 |   9564 |    499 |   1070 |   6919 |   9 | 1118.1 |
       Dungeon |   9179 |   8680 |    499 |    615 |   6740 |   8 | 1147.4 |
       Ossuary |    884 |    884 |      0 |    455 |    179 |   1 |  884.0 |
               +--------+--------+--------+--------+--------+-----+--------+

Top non-repeatable levels by time:
     D:3: 1673 daAuts
     D:7: 1655 daAuts
     D:2: 1593 daAuts
     D:5: 1371 daAuts
     D:6: 1056 daAuts
     D:4: 929 daAuts
 Ossuary: 884 daAuts
     D:1: 865 daAuts
     D:8: 34 daAuts
